Map: Acropolis LE

Players

Ravid - Winner!

  • Race: Zerg Zerg
  • League: Platinum
  • Spawn Location: 5:00

pHARM

  • Race: Zerg Zerg
  • League: Platinum
  • Spawn Location: 11:00

VOD

Have the link to the VOD?

Description

Time

  • Played on: Oct. 7, 2019, 8:27 a.m.
  • Length: 9:17
Show
View Real Time Build Order
Export as new Build Order

Ravid Zerg - Winner!

Build Orders: Hatch First 

Get SALT Encoding   

  12  0:01  Drone  
  13  0:12  Overlord  
  13  0:18  Drone  
  14  0:31  Drone x2  
  16  0:35  Drone  
  17  0:45  Drone  
  18  0:57  Hatchery  
  18  0:59  Drone  
  18  1:07  Drone  
  19  1:16  Spawning Pool  
  18  1:19  Drone  
  18  1:23  Extractor  
  18  1:28  Drone  
  19  1:39  Overlord  
  19  1:50  Drone  
  20  2:01  Drone  
  20  2:04  Queen  
  23  2:09  Queen  
  23  2:13  Drone x2  
  27  2:23  Drone x2  
  29  2:35  Drone x2  
  31  2:47  Roach Warren  
  30  2:52  Drone x2  
  30  2:57  Extractor  
  31  3:08  Hatchery  
  31  3:09  Drone x4  
  34  3:14  Drone x2  
  34  3:18  Overlord  
  34  3:19  Overlord  
  36  3:28  Lair  
  36  3:40  Drone x5  
  41  3:42  Evolution Chamber  
  41  3:44  Evolution Chamber  
  39  3:51  Drone x5  
  44  3:58  Extractor  
  43  4:02  Extractor  
  43  4:03  Drone x2  
  44  4:10  Zerg Missile Weapons Level 1  
  44  4:11  Zerg Ground Armor Level 1  
  44  4:14  Drone x2  
  46  4:24  Drone  
  46  4:25  Drone x5  
  52  4:40  Roach x3  
  52  4:42  Overlord x2  
  58  4:57  Hatchery  
  57  5:04  Roach  
  57  5:05  Roach x7  
  73  5:07  Glial Reconstitution  
  73  5:15  Overlord x2  
  73  5:17  Overlord  
  73  5:20  Overlord  
  64  5:29  Drone x4  
  64  5:30  Drone  
  69  5:38  Drone x4  
  69  5:40  Drone  
  69  5:42  Drone  
  75  5:44  Drone  
  75  5:47  Roach  
  78  5:56  Roach  
  78  5:57  Roach x2  
  84  6:00  Drone x2  
  84  6:01  Drone  
  87  6:06  Drone x3  
  90  6:12  Zerg Missile Weapons Level 2  
  90  6:16  Zerg Ground Armor Level 2  
  90  6:27  Roach x4  
  90  6:28  Roach x2  
  99  6:43  Roach  
  99  6:44  Roach x6  
  99  6:46  Overlord  
  110  6:47  Overlord  
  110  7:03  Roach  
  110  7:04  Overlord x3  
  110  7:05  Overlord, Hydralisk Den  
  111  7:14  Roach x2  
  111  7:15  Roach x3  
  121  7:25  Roach x4  
  121  7:26  Roach  
  121  7:29  Roach  
  133  7:41  Roach x6  
  145  7:49  Drone x3  
  145  7:50  Drone x3  
  151  8:01  Zergling x2  
  151  8:02  Roach x4  
  151  8:04  Roach  
  152  8:06  Roach  
  148  8:17  Zergling x2, Roach  
  148  8:18  Roach x4  
  148  8:19  Roach  
  159  8:21  Roach  
  159  8:24  Roach  
  159  8:25  Roach  
  153  8:27  Roach  
  153  8:28  Roach  
  147  8:34  Roach x2  
  147  8:37  Roach x2  
  147  8:44  Roach x3  
  147  8:45  Roach  
  155  8:50  Roach x2  
  159  8:59  Overlord x3  
Show
View Real Time Build Order
Export as new Build Order

pHARM Zerg 

Build Orders: Hatch First 

Get SALT Encoding   

  12  0:01  Drone  
  13  0:18  Overlord  
  13  0:19  Drone  
  14  0:36  Drone x2  
  16  0:56  Hatchery  
  15  1:02  Drone x3  
  18  1:17  Drone, Spawning Pool  
  18  1:26  Drone  
  19  1:37  Drone  
  20  1:40  Extractor  
  20  1:46  Drone  
  20  1:58  Overlord  
  20  2:08  Drone  
  21  2:16  Queen x2  
  21  2:18  Drone  
  21  2:19  Drone x2  
  28  2:31  Overlord  
  28  2:41  Drone x3  
  28  2:43  Metabolic Boost  
  31  2:50  Drone  
  32  3:04  Evolution Chamber  
  31  3:12  Baneling Nest  
  30  3:21  Roach Warren  
  30  3:22  Queen  
  30  3:26  Drone x6  
  37  3:39  Zerg Missile Weapons Level 1  
  37  3:44  Drone x2  
  39  3:53  Drone x2  
  41  3:58  Zergling x2  
  41  3:59  Zergling x2  
  43  4:09  Drone  
  44  4:11  Overlord x3  
  44  4:36  Extractor  
  44  4:38  Extractor  
  42  4:39  Lair  
  42  4:43  Drone x3  
  42  4:44  Drone x3  
  48  4:55  Baneling x4  
  48  5:04  Drone  
  48  5:05  Drone  
  52  5:07  Roach x2  
  54  5:19  Hatchery  
  52  5:27  Roach x6  
  63  5:37  Evolution Chamber  
  62  5:42  Zerg Missile Weapons Level 2  
  62  5:44  Overlord x2  
  62  5:45  Overlord x4  
  62  6:07  Glial Reconstitution  
  62  6:16  Hydralisk Den  
  61  6:22  Drone x4  
  61  6:23  Drone x3  
  56  6:47  Roach x10  
  72  7:00  Roach x3  
  78  7:03  Grooved Spines  
  78  7:11  Hatchery  
  78  7:13  Roach x2  
  78  7:14  Roach x2  
  85  7:25  Roach x4  
  85  7:28  Overlord  
  85  7:29  Overlord x3  
  93  7:35  Hatchery  
  92  7:56  Roach x10  
  112  8:00  Roach  
  102  8:06  Roach x2  
  102  8:10  Roach  
  106  8:16  Roach x2  
  106  8:17  Zergling x2  
  107  8:23  Roach x3  
  95  8:31  Roach x2  
  95  8:32  Roach  
  95  8:33  Zergling x16  
  91  8:34  Queen x3  
  91  8:38  Roach  
  55  9:04  Extractor  
Tags
 
Matchup
ZvZ
Race
Zerg
Replay Pack
10.7.19
Spawn Locations
Cross Positions
Add a new tag
Caveats
  • Supply blocks, unpowered buildings, or Contaminate may cause inaccurate times.
  • Supply counts are checked every 10 seconds.